 Dungeon Crawl Stone Soup version 0.28.0-47-ge53b351184 (webtiles) character file.

Game seed: 3061038630188963810

487 DearestLeader the Shield-Bearer (level 7, 0/60 HPs)
             Began as a Gnoll Fighter on Apr 25, 2022.
             Slain by a water moccasin (5 damage)
             ... on level 5 of the Dungeon.
             The game lasted 00:04:37 (3942 turns).

DearestLeader the Shield-Bearer (Gnoll Fighter)     Turns: 3942, Time: 00:04:38

Health: 0/60       AC: 12    Str: 17    XL:     7   Next: 13%
Magic:  10/10      EV: 14    Int:  8    God:
Gold:   128        SH:  5    Dex: 11    Spells: 10/10 levels left

rFire   . . .      SeeInvis .   y - +2 long sword (vorpal)
rCold   . . .      Faith    .   c - +0 buckler
rNeg    . . .      Spirit   .   b - +0 scale mail
rPois   .          Reflect  .   p - +0 helmet
rElec   .          Harm     .   A - +0 cloak
rCorr   .          Rampage  .   (no gloves)
Will    .....                   s - +1 pair of boots
Stlth   +.........              (no amulet)
HPRegen 0.20/turn               r - +4 ring of evasion
MPRegen 0.12/turn               (no ring)

@: lethally poisoned (0 -> -6)
A: fangs 1, strong nose, distributed training
a: no special abilities


You were on level 5 of the Dungeon.
You visited 1 branch of the dungeon, and saw 5 of its levels.

You collected 128 gold pieces.

Inventory:

Hand Weapons
 a - a +0 war axe
 o - a +2 dagger of venom
 y - a +2 vorpal long sword (weapon)
Missiles
 e - 5 javelins (quivered)
 u - 44 sling bullets
Armour
 b - a +0 scale mail (worn)
 c - a +0 buckler (worn)
 p - a +0 helmet (worn)
 s - a +1 pair of boots (worn)
 A - a +0 cloak (worn)
Jewellery
 r - a +4 ring of evasion (left hand)
Scrolls
 f - 6 scrolls of identify {unknown}
 g - a scroll of brand weapon {unknown}
 h - a scroll of silence {unknown}
 i - a scroll of teleportation {unknown}
 l - 2 scrolls of enchant armour {unknown}
 m - a scroll of vulnerability {unknown}
 t - a scroll of noise {unknown}
 v - a scroll of torment {unknown}
 w - a scroll of fog {unknown}
 x - a scroll of blinking {unknown}
Potions
 d - a potion of might
 j - 2 potions of attraction {unknown}
 k - 3 potions of lignification {unknown}
 n - 2 potions of degeneration {unknown}
 q - a potion of heal wounds {unknown}
 z - a potion of curing {unknown}


   Skills:
 + Level 7.0 Fighting
 + Level 2.3 Short Blades
 + Level 2.3 Long Blades
 + Level 5.1 Axes
 + Level 2.3 Maces & Flails
 + Level 2.3 Polearms
 + Level 2.3 Staves
 + Level 2.3 Slings
 + Level 2.3 Bows
 + Level 2.3 Crossbows
 + Level 2.3 Throwing
 + Level 7.0 Armour
 + Level 2.3 Dodging
 + Level 2.3 Stealth
 + Level 7.0 Shields
 + Level 2.3 Unarmed Combat
 + Level 2.3 Spellcasting
 + Level 1.8 Conjurations
 + Level 1.8 Hexes
 + Level 1.8 Summonings
 + Level 1.8 Necromancy
 + Level 1.8 Translocations
 + Level 1.8 Transmutations
 + Level 1.8 Fire Magic
 + Level 1.8 Ice Magic
 + Level 1.8 Air Magic
 + Level 1.8 Earth Magic
 + Level 1.8 Poison Magic
 + Level 2.5 Invocations
 + Level 2.3 Evocations


You had 10 spell levels left.
You didn't know any spells.
Your spell library was empty.

Dungeon Overview and Level Annotations

Branches:
Dungeon (5/15)
 Temple: D:4-7

Altars:

Shops:
D:3 [   D:4 *


Innate Abilities, Weirdness & Mutations

You have very sharp teeth.
Your uncanny sense of smell can sniff out nearby items.
Your experience applies equally to all skills.


Message History

The water moccasin bites you but does no damage.
You hit the water moccasin.
The water moccasin is heavily wounded.
You feel sick.
The water moccasin bites you but does no damage.
The water moccasin completely misses you.
You hit the water moccasin.
The water moccasin is severely wounded.
You feel sick.
The water moccasin bites you but does no damage.
The water moccasin barely misses you.
You completely miss the water moccasin.
The water moccasin is severely wounded.
You feel sick. The water moccasin barely misses you.
You barely miss the water moccasin.
The water moccasin is severely wounded.
You feel sick.
You are no longer poisoned.
The water moccasin barely misses you. You block the water moccasin's attack.
You hit the water moccasin. Your bite misses the water moccasin.
The water moccasin is severely wounded.
The water moccasin bites you.
* * * LOW HITPOINT WARNING * * *
You block the water moccasin's attack.
You hit the water moccasin. You bite the water moccasin.
The water moccasin is almost dead.
You block the water moccasin's attack.
The water moccasin bites you but does no damage.
You barely miss the water moccasin.
The water moccasin is almost dead.
The water moccasin misses you. The water moccasin bites you.
* * * LOW HITPOINT WARNING * * *
You are lethally poisoned!
The water moccasin poisons you!
You closely miss the water moccasin. Your bite misses the water moccasin.
The water moccasin is almost dead.
* * * LOW HITPOINT WARNING * * *
You feel very sick. The water moccasin bites you.
You die...

../. .... ∆ .
.##+###..# #.#........#
.###.#........# ∆
...............
.............#
..........##.######.
.........ZS@........
..........##.######.#..
..........##...........
...............####.###
.....###(......#
...............# ....
..........# ....
..........### .#
..........#.##.###.


You could see a water moccasin and a howler monkey zombie.

Vanquished Creatures
  Menkaure (D:4)
  An ogre (D:4)
  A scorpion (D:3)
  A water moccasin skeleton (D:4)
  An iguana (D:3)
  Robin (D:2)
  4 adders
  A howler monkey skeleton (D:4)
  A white imp (D:4)
  6 orcs
  7 ball pythons
  3 endoplasms
  7 giant cockroaches
  17 goblins
  5 hobgoblins
  5 quokkas
  8 bats
  8 kobolds
  5 rats
83 creatures vanquished.

Vanquished Creatures (others)
  A fungus (D:1)
  30 plants (D:4)
31 creatures vanquished.

Grand Total: 114 creatures vanquished

Notes
Turn   | Place    | Note
-------+----------+-------------------------------------------
     0 | D:1      | DearestLeader the Gnoll Fighter began the quest for the
                  | Orb.
     0 | D:1      | Reached XP level 1. HP: 23/23 MP: 1/1
    24 | D:1      | Found a faded altar of an unknown god.
   141 | D:1      | Reached XP level 2. HP: 25/29 MP: 2/2
   734 | D:1      | Reached XP level 3. HP: 34/35 MP: 3/3
   922 | D:2      | Reached skill level 1 in Invocations
   934 | D:2      | Noticed Robin
   942 | D:2      | Killed Robin
   943 | D:2      | Reached skill level 1 in Short Blades
   943 | D:2      | Reached skill level 1 in Long Blades
   943 | D:2      | Reached skill level 1 in Maces & Flails
   943 | D:2      | Reached skill level 1 in Polearms
   943 | D:2      | Reached skill level 1 in Staves
   943 | D:2      | Reached skill level 1 in Slings
   943 | D:2      | Reached skill level 1 in Bows
   943 | D:2      | Reached skill level 1 in Crossbows
   943 | D:2      | Reached skill level 1 in Throwing
   943 | D:2      | Reached skill level 1 in Dodging
   943 | D:2      | Reached skill level 1 in Stealth
   943 | D:2      | Reached skill level 1 in Unarmed Combat
   943 | D:2      | Reached skill level 1 in Spellcasting
   943 | D:2      | Reached skill level 1 in Evocations
  1203 | D:2      | Reached XP level 4. HP: 41/41 MP: 5/5
  1910 | D:3      | Noticed a scorpion
  1915 | D:3      | Killed a scorpion
  1916 | D:3      | Reached skill level 1 in Conjurations
  1916 | D:3      | Reached skill level 1 in Hexes
  1916 | D:3      | Reached skill level 1 in Summonings
  1916 | D:3      | Reached skill level 1 in Necromancy
  1916 | D:3      | Reached skill level 1 in Translocations
  1916 | D:3      | Reached skill level 1 in Transmutations
  1916 | D:3      | Reached skill level 1 in Fire Magic
  1916 | D:3      | Reached skill level 1 in Ice Magic
  1916 | D:3      | Reached skill level 1 in Air Magic
  1916 | D:3      | Reached skill level 1 in Earth Magic
  1916 | D:3      | Reached skill level 1 in Poison Magic
  1916 | D:3      | Reached XP level 5. HP: 40/47 MP: 5/7
  2271 | D:3      | Found Qeheix's Antique Armour Shoppe.
  2798 | D:4      | Noticed an ogre
  2805 | D:4      | Killed an ogre
  2806 | D:4      | Reached XP level 6. HP: 53/53 MP: 8/8
  2894 | D:4      | Reached skill level 5 in Axes
  3155 | D:4      | Found Megadd's Assorted Antiques.
  3584 | D:5      | Entered Level 5 of the Dungeon
  3584 | D:5      | Noticed Menkaure
  3594 | D:5      | Noticed a water moccasin
  3599 | D:4      | Killed Menkaure
  3600 | D:4      | Reached XP level 7. HP: 14/59 MP: 10/10
  3942 | D:5      | Slain by a water moccasin

Illustrated notes

Levels and vault maps discovered:
D:1:      saegor_arrival_simple_d, layout_loops_cross,
          dreamdust_ecumenical_altar_grove, minmay_worlds_worst_comb
D:2:      layout_basic, kennysheep_pointless_box, uniq_robin
D:3:      layout_basic, serial_shops, nicolae_square_shop, roderic_roman_lattice
D:4:      layout_loops_ring, serial_shops, shop, minmay_misc_feat_enclosed,
          minmay_misc_feat_more_columns, serial_bayou_lagoon_a, nrook_campfire
D:5:      layout_basic, temple_fountains, uniq_menkaure

Skill      XL: |  1  2  3  4  5  6  7 |
---------------+----------------------+-----
Invocations    | 1 2 |  2.5
Short Blades   | 1 2 |  2.3
Long Blades    | 1 2 |  2.3
Maces & Flails | 1 2 |  2.3
Polearms       | 1 2 |  2.3
Staves         | 1 2 |  2.3
Slings         | 1 2 |  2.3
Bows           | 1 2 |  2.3
Crossbows      | 1 2 |  2.3
Throwing       | 1 2 |  2.3
Dodging        | 1 2 |  2.3
Stealth        | 1 2 |  2.3
Unarmed Combat | 1 2 |  2.3
Spellcasting   | 1 2 |  2.3
Evocations     | 1 2 |  2.3
Conjurations   | 1 |  1.8
Hexes          | 1 |  1.8
Summonings     | 1 |  1.8
Necromancy     | 1 |  1.8
Translocations | 1 |  1.8
Transmutations | 1 |  1.8
Fire Magic     | 1 |  1.8
Ice Magic      | 1 |  1.8
Air Magic      | 1 |  1.8
Earth Magic    | 1 |  1.8
Poison Magic   | 1 |  1.8
Axes           | 5 |  5.1
Fighting       | 7 |  7.0
Armour         | 7 |  7.0
Shields        | 7 |  7.0

Action                   |  1- 3 |  4- 6 |  7- 9 || total
-------------------------+-------+-------+-------++-------
Melee: War axe           |   125 |   121 |       ||   246
       Bite              |     9 |     9 |     2 ||    20
       Long sword        |       |     7 |    19 ||    26
  Use: Potion            |       |     1 |       ||     1
Armor: Scale mail        |    68 |    46 |     7 ||   121
Dodge: Dodged            |    53 |    75 |    12 ||   140
Block: Buckler           |    32 |    26 |     9 ||    67
